 Dungeon Crawl Stone Soup version 0.19.4-10-g532645f (webtiles) character file.

342 dvd the Sneak (level 6, -12/30 HPs)
             Began as a Vine Stalker Enchanter on Feb 23, 2017.
             Mangled by an ogre
             ... wielding a +0 giant club
              (18 damage)
             ... on level 4 of the Dungeon on Feb 24, 2017.
             The game lasted 00:12:48 (3072 turns).

dvd the Sneak (Vine Stalker Enchanter)              Turns: 3072, Time: 00:12:48

Health: -12/30     AC:  4    Str: 11    XL:     6   Next: 57%
Magic:  0/12       EV: 12    Int: 16    God:
Gold:   84         SH:  0    Dex: 15    Spells: 4 memorised, 2 levels left

rFire  . . .     SeeInvis .     f - -3 quarterstaff (curse)
rCold  . . .     Gourm    .     i - +0 robe (curse)
rNeg   . . .     Faith    .     (shield currently unavailable)
rPois  .         Spirit   +     k - +0 helmet
rElec  .         Reflect  .     (no cloak)
rCorr  .         Harm     .     n - +0 pair of gloves
MR     .....                    (no boots)
Stlth  ++........               g - amulet of regeneration
                                (no ring)
                                (no ring)

@: very slightly contaminated, glowing
A: fangs 2, regeneration 1, magic shield, antimagic bite, no device heal 3, rot
immunity
a: no special abilities


You were on level 4 of the Dungeon.
You were hungry.

You visited 1 branch of the dungeon, and saw 4 of its levels.

You collected 84 gold pieces.

Inventory:

Hand Weapons
 a - a +1 dagger
 f - a cursed -3 quarterstaff (weapon)
Armour
 b - a +2 robe
 i - a cursed +0 robe (worn)
 k - a +0 helmet (worn)
 n - a +0 pair of gloves (worn)
Jewellery
 g - an amulet of regeneration (around neck)
Scrolls
 e - 2 scrolls of identify
 h - 3 scrolls of recharging
 m - a scroll of noise
Potions
 j - a potion of cure mutation {unknown}
 l - 2 potions of curing
 p - 2 potions of heal wounds {unknown}
Books
 c - a book of Maledictions

   Spells                             Type                      Level
   a - Corona                         Hexes                        1
   b - Ensorcelled Hibernation        Hexes/Ice                    2
   c - Confuse                        Hexes                        3
   d - Tukima's Dance                 Hexes                        3
   e - Dazzling Spray                 Conjuration/Hexes            3
Comestibles
 d - 3 bread rations
 o - 4 chunks of flesh


   Skills:
 + Level 1.0 Fighting
 + Level 2.0 Short Blades
 + Level 0.1 Staves
 + Level 1.7 Dodging
 + Level 5.8 Stealth
 + Level 3.4 Spellcasting
 + Level 4.1 Hexes
 + Level 2.0 Ice Magic


You had 2 spell levels left.
You knew the following spells:

 Your Spells              Type           Power        Failure   Level  Hunger
a - Corona                Hex            ###....      3%          1    None
b - Ensorcelled Hibernat  Hex/Ice        ##....       10%         2    ##.....
c - Confuse               Hex            ###.....     12%         3    ###....
d - Dazzling Spray        Conj/Hex       #.....       28%         3    ###....


Dungeon Overview and Level Annotations

Branches:
Dungeon (4/15)
 Temple: D:4-7

Altars:
Cheibriados
Qazlal
Sif Muna
The Shining One

Annotations:
D:4 Krapule's ghost, amateur HaFi


Innate Abilities, Weirdness & Mutations

You have extremely sharp teeth.
Your natural rate of healing is unusually fast.
When hurt, damage is shared between your health and your magic reserves.
Your bite disrupts and absorbs the magic of your enemies.
Potions and wands cannot restore your health.
You are immune to rotting.


Message History

* * * LOW HITPOINT WARNING * * *
The orc hits you with a hand axe.
* * * LOW HITPOINT WARNING * * *
The adder bites you.
* * * LOW HITPOINT WARNING * * *
The orc completely misses you.
The orc wizard hits you but does no damage.
You feel sick.
The orc wizard is no longer blind.
The orc barely misses you.
Okay, then.
Unknown command.
Your system rejects the healing.
You feel better.
The orc wizard hits you but does no damage.
The orc wizard hits you with a dagger.
* * * LOW HITPOINT WARNING * * *
The orc closely misses you.
Unknown command.
The ogre hits you with a giant club!!
Ouch! That really hurt!
You die...

###### ... #....#
#... #....# ..?..
#....# ....% #@...#
....o. #.O..#
###.O..oO #ooo.#
#.....o..
##S..W###.###
#.O......<..# #####
#...........# #....
#(..........# #....
#...###.....###....
#...# ###..........


You could see 2 ogres, an orc wizard, Krapule's ghost, an adder and 2 orcs.

Vanquished Creatures
  A necrophage (D:3)
  An orc wizard (D:3)
  8 gnolls
  7 adders
  An ooze (D:2)
  3 worms
  A dart slug (D:1)
  2 leopard geckos (D:2)
  3 orcs (D:3)
  3 giant cockroaches
  6 goblins
  6 hobgoblins
  4 jackals
  4 kobolds
  13 bats
  3 frilled lizards
  13 rats
79 creatures vanquished.

Vanquished Creatures (others)
  A rat (D:3)
1 creature vanquished.

Grand Total: 80 creatures vanquished

Notes
Turn   | Place    | Note
-------+----------+-------------------------------------------
     0 | D:1      | dvd the Vine Stalker Enchanter began the quest for the Orb.
     0 | D:1      | Reached XP level 1. HP: 9/9 MP: 4/4
   280 | D:1      | Reached skill level 1 in Short Blades
   280 | D:1      | Reached XP level 2. HP: 13/13 MP: 6/6
   284 | D:1      | Learned a level 2 spell: Ensorcelled Hibernation
   346 | D:1      | Reached skill level 4 in Stealth
   710 | D:2      | Reached XP level 3. HP: 10/17 MP: 2/7
   849 | D:2      | Found a snail-covered altar of Cheibriados.
   856 | D:2      | Found a deep blue altar of Sif Muna.
  1173 | D:2      | Reached skill level 1 in Ice Magic
  1173 | D:2      | Gained mutation: Your natural rate of healing is unusually fast. [Vine Stalker growth]
  1173 | D:2      | Reached XP level 4. HP: 21/21 MP: 0/8
  1653 | D:2      | Learned a level 3 spell: Confuse
  1810 | D:2      | Reached XP level 5. HP: 23/25 MP: 6/10
  1863 | D:3      | Found a glowing golden altar of the Shining One.
  2035 | D:3      | Reached skill level 5 in Stealth
  2104 | D:3      | Noticed a necrophage
  2153 | D:3      | Killed a necrophage
  2153 | D:3      | Reached XP level 6. HP: 29/29 MP: 7/12
  2390 | D:2      | Learned a level 3 spell: Dazzling Spray
  2766 | D:3      | Found a faded altar of an unknown god.
  2766 | D:3      | Found a faded altar of an unknown god.
  2773 | D:3      | Found a faded altar of an unknown god.
  2781 | D:3      | Found a stormy altar of Qazlal.
  2782 | D:3      | Found a faded altar of an unknown god.
  2901 | D:3      | Reached skill level 1 in Fighting
  3040 | D:4      | Noticed Krapule's ghost (amateur HaFi)
  3072 | D:4      | Mangled by an ogre

Skill      XL: |  1  2  3  4  5  6 |
---------------+-------------------+-----
Short Blades   | 1 2 |  2.0
Stealth        | 4 5 |  5.8
Ice Magic      | 1 2 |  2.0
Spellcasting   | 3 |  3.4
Hexes          | 4 |  4.1
Fighting       | 1 |  1.0
Staves         | |  0.1
Dodging        | |  1.7

Action                   |  1- 3 |  4- 6 || total
-------------------------+-------+-------++-------
Melee: Dagger            |    68 |    58 ||   126
       Bite              |    15 |    29 ||    44
       Quarterstaff      |       |    67 ||    67
 Cast: Corona            |     2 |     1 ||     3
       Ensorcelled Hiber |    23 |    39 ||    62
       Confuse           |       |    11 ||    11
       Dazzling Spray    |       |     1 ||     1
  Use: Scroll            |       |     7 ||     7
       Potion            |       |     1 ||     1
 Stab: Sleeping          |    23 |    30 ||    53
       Confused          |       |     3 ||     3
  Eat: Chunk             |     3 |     9 ||    12
Armor: Robe              |     5 |    23 ||    28
Dodge: Dodged            |    29 |    89 ||   118
